NYP
SPOKANE INDIANS @ CONNECTICUT TIGERS
06/12/2049
 
TOP OF THE 1ST
Spokane Indians batting - Pitching for Connecticut Tigers : RHP Neel Verhelst
Pitching: RHP Neel Verhelst
Batting: LHB Brian Gray 0-0: Ball
1-0: Foul Ball, location: 2F
1-1: Fly out, F8 (Flyball, 78S, EV 86.9 MPH)
Batting: LHB Gabriel Graves 0-0: Ball
1-0: Fly out, F8 (Flyball, 8RD, EV 107.5 MPH)
Batting: RHB Dale Aubrey 0-0: Called Strike
0-1: Ball
1-1: Ball
2-1: Foul Ball, location: 2F
2-2: Foul Ball, location: 2F
2-2: Strikes out swinging
Top of the 1st over - 0 runs, 0 hits, 0 errors, 0 left on base; Spokane 0 - Connecticut 0
BOTTOM OF THE 1ST
Connecticut Tigers batting - Pitching for Spokane Indians : RHP Brian Ramirez
Pitching: RHP Brian Ramirez
Batting: RHB Seth Fox 0-0: Ball
1-0: Ball
2-0: Ball
3-0: Base on Balls
Batting: RHB Tony Nunez 0-0: Ball
1-0: Foul Ball, location: 2F
1-1: Called Strike
1-2: Strikes out swinging
Batting: SHB Ronnie Lundy 0-0: Ball
Balk!
Seth Fox to second
1-0: Called Strike
1-1: Ball
2-1: Ball
3-1: Base on Balls
Batting: LHB Ryan Adams 0-0: Called Strike
0-1: DOUBLE (Line Drive, 9LS, EV 89.4 MPH)
Seth Fox scores
Ronnie Lundy to third
Runner from 3rd tries for Home, SAFE, no throw by RF
Batting: RHB Yaremka Rzhevsky 0-0: Called Strike
0-1: Ball
1-1: Ball
2-1: Foul Ball, location: 2F
2-2: Ball
Balk!
Ryan Adams to third
3-2: Base on Balls
Batting: RHB Brandon Everett 0-0: Called Strike
0-1: Foul Ball, location: 2F
0-2: Ball
Balk!
Ryan Adams scores
Yaremka Rzhevsky to second
1-2: Strikes out swinging
Batting: LHB Glen Boyle 0-0: Ball
1-0: Foul Ball, location: 2F
1-1: Fly out, F5 (Line Drive, 5L, EV 71.9 MPH)
Bottom of the 1st over - 3 runs, 1 hit, 0 errors, 1 left on base; Spokane 0 - Connecticut 3
TOP OF THE 2ND
Spokane Indians batting - Pitching for Connecticut Tigers : RHP Neel Verhelst
Batting: LHB Matt Patnaude 0-0: Ball
1-0: Ball
2-0: Called Strike
2-1: Foul Ball, location: 2F
2-2: Foul Ball, location: 2F
2-2: Ball
3-2: Fly out, F4 (Popup, 34S, EV 82.5 MPH)
Batting: RHB Victor Moya 0-0: Called Strike
0-1: Ball
1-1: Fly out, F7 (Flyball, 7, EV 76.9 MPH)
Batting: RHB Zach Koblinski 0-0: Ground out 6-3 (Groundball, 6, EV 104.4 MPH)
Top of the 2nd over - 0 runs, 0 hits, 0 errors, 0 left on base; Spokane 0 - Connecticut 3
BOTTOM OF THE 2ND
Connecticut Tigers batting - Pitching for Spokane Indians : RHP Brian Ramirez
Batting: RHB Dustin Bursell 0-0: Ball
1-0: Ball
2-0: Fly out, F8 (Flyball, 8RD, EV 88.1 MPH)
Batting: LHB Iestyn Peacock 0-0: Fly out, F9 (Flyball, 9, EV 89.4 MPH)
Batting: RHB Seth Fox 0-0: Called Strike
0-1: Called Strike
0-2: Ball
1-2: Ground out 5-3 (Groundball, 56, EV 100.6 MPH)
Bottom of the 2nd over - 0 runs, 0 hits, 0 errors, 0 left on base; Spokane 0 - Connecticut 3
TOP OF THE 3RD
Spokane Indians batting - Pitching for Connecticut Tigers : RHP Neel Verhelst
Batting: RHB Gabe Almazan 0-0: Ball
1-0: Foul Ball, location: 2F
1-1: Ball
2-1: Foul Ball, location: 2F
2-2: Foul Ball, location: 2F
2-2: Foul Ball, location: 2F
2-2: Ball
3-2: Base on Balls
Batting: RHB Tony Rivera 0-0: Ball
1-0: Ball
2-0: Fly out, F8 (Flyball, 8RM, EV 72.5 MPH)
Batting: RHB Rich Thurman 0-0: Called Strike
Gabe Almazan steals 2nd base
0-1: Foul Ball, location: 2F
0-2: Ball
1-2: Fly out, F9 (Flyball, 9, EV 71.9 MPH)
Batting: LHB Brian Gray 0-0: Ball
1-0: Swinging Strike
1-1: SINGLE (Line Drive, 7S, EV 105.6 MPH)
Gabe Almazan to third
Runner from 3rd tries for Home, SAFE, throw by LF to home
Brian Gray to second
Batting: LHB Gabriel Graves 0-0: Ball
1-0: Swinging Strike
1-1: Ball
2-1: Ball
3-1: Foul Ball, location: 2F
3-2: Base on Balls
Batting: RHB Dale Aubrey 0-0: Foul Ball, location: 2F
0-1: Fly out, F7 (Flyball, 78D, EV 100.6 MPH)
Top of the 3rd over - 1 run, 1 hit, 0 errors, 2 left on base; Spokane 1 - Connecticut 3
BOTTOM OF THE 3RD
Connecticut Tigers batting - Pitching for Spokane Indians : RHP Brian Ramirez
Batting: RHB Tony Nunez 0-0: SINGLE (Line Drive, 7S, EV 104.4 MPH)
Batting: SHB Ronnie Lundy 0-0: Ball
1-0: Called Strike
1-1: Swinging Strike
1-2: Strikes out looking
Batting: LHB Ryan Adams 0-0: Fielders Choice at 2nd, 4-6 (Groundball, 34, EV 101.2 MPH)
Batting: RHB Yaremka Rzhevsky 0-0: Ball
1-0: Swinging Strike
Balk!
Ryan Adams to second
1-1: Foul Ball, location: 2F
1-2: Foul Ball, location: 2F
1-2: Ball
2-2: Fly out, F9 (Flyball, 9D, EV 88.8 MPH)
Bottom of the 3rd over - 0 runs, 1 hit, 0 errors, 1 left on base; Spokane 1 - Connecticut 3
TOP OF THE 4TH
Spokane Indians batting - Pitching for Connecticut Tigers : RHP Neel Verhelst
Batting: LHB Matt Patnaude 0-0: Called Strike
0-1: Called Strike
0-2: Ball
1-2: Foul Ball, location: 2F
1-2: Ball
2-2: Strikes out swinging
Batting: RHB Victor Moya 0-0: Ball
1-0: Foul Ball, location: 2F
1-1: Ball
2-1: Ground out 6-3 (Groundball, 6MS, EV 68.1 MPH)
Batting: RHB Zach Koblinski 0-0: Called Strike
0-1: Ball
1-1: Swinging Strike
1-2: Ball
2-2: Foul Ball, location: 2F
2-2: Ball
3-2: Foul Ball, location: 2F
3-2: Base on Balls
Batting: RHB Gabe Almazan 0-0: Ball
1-0: Ball
2-0: Ball
3-0: Base on Balls
Zach Koblinski to second
Batting: RHB Tony Rivera 0-0: Ball
1-0: Called Strike
1-1: Fielders Choice at 2nd, 6-4 (Groundball, 6, EV 77.5 MPH)
Top of the 4th over - 0 runs, 0 hits, 0 errors, 2 left on base; Spokane 1 - Connecticut 3
BOTTOM OF THE 4TH
Connecticut Tigers batting - Pitching for Spokane Indians : RHP Brian Ramirez
Batting: RHB Brandon Everett 0-0: Called Strike
0-1: Ball
1-1: Fly out, F8 (Line Drive, 8RD, EV 95.0 MPH)
Batting: LHB Glen Boyle 0-0: Called Strike
0-1: Ground out U3 (Groundball, 3S, EV 68.8 MPH)
Batting: RHB Dustin Bursell 0-0: Called Strike
0-1: Fly out, F8 (Flyball, 8LM, EV 75.6 MPH)
Bottom of the 4th over - 0 runs, 0 hits, 0 errors, 0 left on base; Spokane 1 - Connecticut 3
TOP OF THE 5TH
Spokane Indians batting - Pitching for Connecticut Tigers : RHP Neel Verhelst
Batting: RHB Rich Thurman 0-0: Called Strike
0-1: Swinging Strike
0-2: Ground out 4-3 (Groundball, 4, EV 85.0 MPH)
Batting: LHB Brian Gray 0-0: Called Strike
0-1: Ball
1-1: Swinging Strike
1-2: Ball
2-2: Ball
3-2: Foul Ball, location: 2F
3-2: Foul Ball, location: 2F
3-2: Foul Ball, location: 2F
3-2: Foul Ball, location: 2F
3-2: Base on Balls
Pitching: RHP Sho Sekine
Batting: LHB Gabriel Graves 0-0: Called Strike
0-1: Called Strike
0-2: Foul Ball, location: 2F
0-2: Ball
1-2: Ball
2-2: Strikes out looking
Batting: RHB Dale Aubrey 0-0: Called Strike
0-1: Ball
1-1: Ball
Passed Ball!
Brian Gray to second
2-1: Swinging Strike
2-2: Ball
3-2: Base on Balls
Batting: LHB Matt Patnaude 0-0: Foul Ball, location: 2F
0-1: Called Strike
0-2: Strikes out swinging
Top of the 5th over - 0 runs, 0 hits, 0 errors, 2 left on base; Spokane 1 - Connecticut 3
BOTTOM OF THE 5TH
Connecticut Tigers batting - Pitching for Spokane Indians : RHP Brian Ramirez
Batting: LHB Iestyn Peacock 0-0: Foul Ball, location: 2F
0-1: Foul Ball, location: 2F
0-2: Ground out 4-3 (Groundball, 34D, EV 109.4 MPH)
Batting: RHB Seth Fox 0-0: Called Strike
0-1: Called Strike
0-2: Ball
1-2: Ball
2-2: Strikes out swinging
Batting: RHB Tony Nunez 0-0: Ball
1-0: Foul Ball, location: 2F
1-1: Ball
2-1: Called Strike
2-2: Foul Ball, location: 2F
2-2: Ball
3-2: Foul Ball, location: 2F
3-2: Ground out 6-3 (Groundball, 6, EV 86.2 MPH)
Bottom of the 5th over - 0 runs, 0 hits, 0 errors, 0 left on base; Spokane 1 - Connecticut 3
TOP OF THE 6TH
Spokane Indians batting - Pitching for Connecticut Tigers : RHP Sho Sekine
Batting: RHB Victor Moya 0-0: Foul Ball, location: 2F
0-1: Ball
1-1: Called Strike
1-2: Ball
2-2: Foul Ball, location: 2F
2-2: Ball
3-2: Strikes out swinging
Batting: RHB Zach Koblinski 0-0: Called Strike
0-1: Ball
1-1: Ball
2-1: Foul Ball, location: 2F
2-2: Ball
3-2: Base on Balls
Pitching: LHP Jayden Carey
Batting: RHB Gabe Almazan 0-0: Called Strike
0-1: Ball
1-1: Foul Ball, location: 2F
1-2: Strikes out swinging
Batting: RHB Tony Rivera 0-0: Called Strike
0-1: Called Strike
0-2: Strikes out swinging
Top of the 6th over - 0 runs, 0 hits, 0 errors, 1 left on base; Spokane 1 - Connecticut 3
BOTTOM OF THE 6TH
Connecticut Tigers batting - Pitching for Spokane Indians : RHP Brian Ramirez
Batting: SHB Ronnie Lundy 0-0: Ball
1-0: Called Strike
1-1: Ball
2-1: Ball
3-1: Reached on error, E1 (Groundball, 34S, EV 66.2 MPH)
Batting: LHB Ryan Adams 0-0: Ball
Wild Pitch!
Ronnie Lundy to third
1-0: Called Strike
1-1: Foul Ball, location: 2F
1-2: Strikes out swinging
Batting: RHB Yaremka Rzhevsky 0-0: Ball
1-0: Called Strike
1-1: Ball
2-1: Called Strike
2-2: Ground out 3-1 (Groundball, 34, EV 105.6 MPH)
Ronnie Lundy scores
Batting: RHB Brandon Everett 0-0: Ball
1-0: Ball
2-0: DOUBLE (Line Drive, 78D, EV 101.2 MPH)
Batting: LHB Glen Boyle 0-0: Foul Ball, location: 2F
0-1: Foul Ball, location: 2F
0-2: Foul Ball, location: 2F
0-2: Ball
1-2: Strikes out swinging
Bottom of the 6th over - 1 run, 1 hit, 1 error, 1 left on base; Spokane 1 - Connecticut 4
TOP OF THE 7TH
Spokane Indians batting - Pitching for Connecticut Tigers : LHP Jayden Carey
Now in LF: Isao Fukui
Batting: RHB Rich Thurman 0-0: Ball
1-0: Ball
2-0: Called Strike
2-1: Foul Ball, location: 2F
2-2: Foul Ball, location: 2F
2-2: Strikes out looking
Pinch Hitting: RHB Matthew Starr 0-0: Called Strike
0-1: Fly out, F6 (Popup, 4MS, EV 81.2 MPH)
Batting: RHB Melvin Gomez 0-0: Swinging Strike
0-1: Ball
1-1: Swinging Strike
1-2: Ball
2-2: Ball
3-2: Strikes out looking
Top of the 7th over - 0 runs, 0 hits, 0 errors, 0 left on base; Spokane 1 - Connecticut 4
BOTTOM OF THE 7TH
Connecticut Tigers batting - Pitching for Spokane Indians : RHP Brian Ramirez
Now in LF: Matthew Starr
Batting: RHB Dustin Bursell 0-0: Hit by Pitch
Batting: LHB Iestyn Peacock 0-0: Bunted foul
0-1: Bunted foul
0-2: Fielders Choice at 2nd, 4-6 (Groundball, 34, EV 105.0 MPH)
Batting: RHB Seth Fox 0-0: Called Strike
0-1: Ball
1-1: Foul Ball, location: 2F
1-2: Foul Ball, location: 2F
1-2: Strikes out swinging
Pitching: RHP Errol Dondale
Batting: RHB Tony Nunez 0-0: Ball
1-0: Ball
2-0: Foul Ball, location: 2F
2-1: DOUBLE (Line Drive, 7LM, EV 107.5 MPH)
Iestyn Peacock to third
Batting: LHB Isao Fukui 0-0: Ball
Passed Ball!
Iestyn Peacock scores
Tony Nunez to third
1-0: Swinging Strike
1-1: Called Strike
1-2: Strikes out looking
Bottom of the 7th over - 1 run, 1 hit, 0 errors, 1 left on base; Spokane 1 - Connecticut 5
TOP OF THE 8TH
Spokane Indians batting - Pitching for Connecticut Tigers : LHP Jayden Carey
Batting: RHB Dale Aubrey 0-0: Called Strike
0-1: Foul Ball, location: 2F
0-2: Strikes out looking
Pinch Hitting: RHB Scott King 0-0: Ball
1-0: Swinging Strike
1-1: Foul Ball, location: 2F
1-2: Ball
2-2: Foul Ball, location: 2F
2-2: Ball
3-2: Base on Balls
Batting: RHB Victor Moya 0-0: Ball
1-0: Ball
2-0: Called Strike
2-1: Ball
3-1: Foul Ball, location: 2F
3-2: Base on Balls
Scott King to second
Batting: RHB Zach Koblinski 0-0: Swinging Strike
0-1: Foul Ball, location: 2F
0-2: Ball
Passed Ball!
Scott King to third
Victor Moya to second
1-2: Ball
2-2: Ball
3-2: Base on Balls
Batting: RHB Gabe Almazan 0-0: Called Strike
0-1: SINGLE (Flyball, 8RS, EV 87.5 MPH)
Scott King scores
Victor Moya to third
Zach Koblinski to second
Throwing error, E8
Victor Moya scores
Zach Koblinski to third
Gabe Almazan to second
Pitching: RHP Matt Haberle
Pinch Hitting: LHB Yasahiko Teshima 0-0: Called Strike
0-1: Ball
1-1: Swinging Strike
1-2: Strikes out swinging
Pinch Hitting: SHB David Simpson 0-0: Ball
1-0: Called Strike
1-1: Ball
2-1: Foul Ball, location: 2F
2-2: Ball
3-2: Ground out U3 (Groundball, 3S, EV 77.5 MPH)
Top of the 8th over - 2 runs, 1 hit, 1 error, 2 left on base; Spokane 3 - Connecticut 5
BOTTOM OF THE 8TH
Connecticut Tigers batting - Pitching for Spokane Indians : RHP Errol Dondale
Now at 1B: David Simpson
Now at 2B: Scott King
Now at 3B: Victor Moya
Now at SS: Gabe Almazan
Now in RF: Salvador Caldera
Batting: LHB Ryan Adams 0-0: Swinging Strike
0-1: Fly out, F7 (Flyball, 7, EV 95.0 MPH)
Batting: RHB Yaremka Rzhevsky 0-0: SOLO HOME RUN (Flyball, 7D, EV 95.6 MPH), Distance : 385 ft
Batting: RHB Brandon Everett 0-0: Ball
1-0: Ball
2-0: Ball
3-0: Called Strike
3-1: SINGLE (Groundball, 34D, EV 98.8 MPH)
Batting: LHB Glen Boyle 0-0: Ball
1-0: Ball
2-0: Called Strike
2-1: Ball
3-1: Base on Balls
Brandon Everett to second
Batting: RHB Dustin Bursell 0-0: Ball
1-0: DOUBLE (Flyball, 7D, EV 101.9 MPH)
Brandon Everett scores
Glen Boyle to third
Batting: LHB Iestyn Peacock 0-0: Called Strike
0-1: Ball
1-1: Foul Ball, location: 2F
1-2: Foul Ball, location: 2F
1-2: Ball
2-2: Strikes out swinging
Batting: RHB Seth Fox 0-0: Foul Ball, location: 2F
0-1: Ground out 5-3 (Groundball, 5, EV 85.0 MPH)
Bottom of the 8th over - 2 runs, 3 hits, 0 errors, 2 left on base; Spokane 3 - Connecticut 7
TOP OF THE 9TH
Spokane Indians batting - Pitching for Connecticut Tigers : RHP Matt Haberle
Batting: RHB Matthew Starr 0-0: Called Strike
0-1: Called Strike
0-2: Ball
1-2: Ball
2-2: Strikes out swinging
Batting: RHB Melvin Gomez 0-0: Called Strike
0-1: Ball
1-1: Fly out, F9 (Flyball, 9S, EV 83.8 MPH)
Batting: RHB Dale Aubrey 0-0: Ball
1-0: Foul Ball, location: 2F
1-1: Called Strike
1-2: Ball
2-2: Ball
3-2: Foul Ball, location: 2F
3-2: Strikes out swinging
Top of the 9th over - 0 runs, 0 hits, 0 errors, 0 left on base; Spokane 3 - Connecticut 7
Sunday, July 16th , 2023 - OOTP Baseball 24.6 Build 69